 Dungeon Crawl Stone Soup version 0.23.0 (webtiles) character file.

Game seed: 17291571833652081055

204082 Monsterracer the Warrior (level 18, -1/160 HPs)
             Began as a Minotaur Enchanter on Feb 16, 2019.
             Was a Believer of Uskayaw.
             Slain by a wolf spider (19 damage)
             ... on level 4 of the Spider Nest.
             The game lasted 00:56:12 (44954 turns).

Monsterracer the Warrior (Minotaur Enchanter)      Turns: 44954, Time: 00:56:13

Health: -1/160     AC: 12    Str: 19    XL:     18   Next: 0%
Magic:  24/29      EV: 29    Int: 15    God:    Uskayaw [**....]
Gold:   848        SH: 14    Dex: 15    Spells: 19/19 levels left

rFire    + . .     SeeInvis .   a - +6 rapier "Killer Klown's Bane" {pierce, *Rage +Blink MR+ Dex+2}
rCold    + + .     Gourm    .   s - +0 shield
rNeg     . . .     Faith    .   R - +3 leather armour of Context {rF+ Int+3 Slay+5}
rPois    +         Spirit   .   (helmet restricted)
rElec    +         Reflect  .   O - +1 cloak of Starlight {rElec rC+ EV+4 Stlth--}
rCorr    .         Harm     .   (no gloves)
MR       +++..     Rnd*Rage +   u - +2 pair of boots
Stlth    +.........             A - amulet "Iridwi Nonu" {RegenMP +Inv rC+ MR+ Stlth+}
HPRegen  0.36/turn              H - +5 ring of evasion
MPRegen  0.46/turn              P - ring of poison resistance {!d}

@: lethally poisoned (-1 -> -2)
A: retaliatory headbutt, reduced essence, horns 2
}: 1/15 runes: decaying
a: Stomp, Line Pass, Renounce Religion, Evoke Blink, Evoke Invisibility


You were on level 4 of the Spider Nest.
You worshipped Uskayaw.
Uskayaw was most pleased with you.
You were near starving.

You visited 6 branches of the dungeon, and saw 32 of its levels.
You also visited: Sewer.

You collected 3373 gold pieces.
You spent 2525 gold pieces at shops.

Inventory:

Hand Weapons
 a - the +6 rapier "Killer Klown's Bane" (weapon) {pierce, *Rage +Blink MR+ Dex+2}
   (You bought it in a shop on level 4 of the Dungeon)

   It inflicts extra damage upon your enemies.
   It affects your dexterity (+2).
   It affects your resistance to hostile enchantments.
   It lets you blink.
   It may make you go berserk in combat.
Missiles
 q - 2 throwing nets (quivered) {!f}
Armour
 s - a +0 shield (worn)
 u - a +2 pair of boots (worn)
 O - the +1 cloak of Starlight (worn) {rElec rC+ EV+4 Stlth--}
   (You bought it in a shop on level 2 of the Orcish Mines)

   It affects your evasion (+4).
   It protects you from cold.
   It insulates you from electricity.
   It makes you much less stealthy.
 R - the +3 leather armour of Context (worn) {rF+ Int+3 Slay+5}
   (You bought it in a shop on level 4 of the Dungeon)

   It affects your intelligence (+3).
   It affects your accuracy and damage with ranged weapons and melee attacks
   (+5).
   It protects you from fire.
Jewellery
 A - the amulet "Iridwi Nonu" (around neck) {RegenMP +Inv rC+ MR+ Stlth+}
   (You bought it in a shop on level 5 of the Dungeon)

   [amulet of magic regeneration]

   It increases your magic regeneration.
   It protects you from cold.
   It affects your resistance to hostile enchantments.
   It lets you turn invisible.
   It makes you more stealthy.
 C - an uncursed ring of protection from cold {!d}
 H - a +5 ring of evasion (left hand)
 N - an uncursed ring of fire
 P - a ring of poison resistance (right hand) {!d}
 S - an uncursed ring of see invisible
Wands
 B - a wand of digging (20)
 F - a wand of acid (18)
 M - a wand of iceblast (20)
 U - a wand of scattershot (6)
Scrolls
 f - 10 scrolls of identify
 l - 2 scrolls of enchant armour
 m - 2 scrolls of magic mapping
 p - 4 scrolls of enchant weapon
 r - 5 scrolls of remove curse
 t - 14 scrolls of teleportation {!r}
 w - 2 scrolls of holy word
 y - a scroll of brand weapon
 I - 2 scrolls of fear {!r}
 K - 6 scrolls of vulnerability
 X - 2 scrolls of blinking
 Y - 3 scrolls of fog
Potions
 b - 5 potions of berserk rage {!q}
 d - 6 potions of heal wounds
 e - 5 potions of flight
 g - 5 potions of haste
 h - 3 potions of mutation {!q}
 i - 3 potions of cancellation
 j - 17 potions of curing
 n - 3 potions of magic
 o - 2 potions of resistance
 v - 2 potions of ambrosia {!q}
 z - 3 potions of lignification
 D - 2 potions of invisibility
 E - 4 potions of might
 L - 5 potions of agility
Miscellaneous
 k - a phantom mirror
 Q - 2 boxes of beasts
 V - a phial of floods (inert)
 W - a sack of spiders
Comestibles
 c - 44 rations
 x - 4 chunks of flesh


   Skills:
 * Level 20.2 Fighting
 - Level 15.6 Short Blades
 + Level 8.3 Armour
 + Level 11.6 Dodging
 - Level 2.4 Stealth
 - Level 15.0 Shields
 - Level 1.3 Spellcasting
   Level 2.0 Hexes
 - Level 16.7 Invocations
 - Level 5.0 Evocations


You had 19 spell levels left.
You didn't know any spells.
Your spell library contained the following spells:

 Spells                   Type           Power        Failure   Level  Hunger
 Confusing Touch          Hex            #.....       12%         1    ##.....
 Corona                   Hex            #......      12%         1    ##.....
 Animate Skeleton         Necr           N/A          26%         1    ##.....
 Flame Tongue             Conj/Fire      #....        26%         1    ##.....
 Freeze                   Ice            #...         26%         1    ##.....
 Magic Dart               Conj           #...         26%         1    ##.....
 Pain                     Necr           #...         26%         1    ##.....
 Sandblast                Erth           #.....       26%         1    ##.....
 Summon Small Mammal      Summ           #...         26%         1    ##.....
 Ensorcelled Hibernation  Hex/Ice        #.....       26%         2    ###....
 Confuse                  Hex            #.......     34%         3    ####...
 Tukima's Dance           Hex            #.......     34%         3    ####...
 Call Imp                 Summ           #.......     38%         2    ###....
 Passwall                 Tmut/Erth      #.......     38%         2    ###....
 Searing Ray              Conj           #.....       38%         2    ###....
 Throw Flame              Conj/Fire      #.....       38%         2    ###....
 Throw Frost              Conj/Ice       #.....       38%         2    ###....
 Dazzling Spray           Conj/Hex       #.....       47%         3    ####...
 Inner Flame              Hex/Fire       #.......     47%         3    ####...
 Summon Guardian Golem    Hex/Summ       #.......     47%         3    ####...
 Call Canine Familiar     Summ           #.......     63%         3    ####...
 Conjure Flame            Conj/Fire      #.......     63%         3    ####...
 Gell's Gravitas          Tloc           #.........   63%         3    ####...
 Ignite Poison            Fire/Tmut/Pois #.......     63%         3    ####...
 Ozocubu's Armour         Chrm/Ice       #.......     63%         3    ####...
 Regeneration             Chrm/Necr      #.........   63%         3    ####...
 Stone Arrow              Conj/Erth      #.....       63%         3    ####...
 Vampiric Draining        Necr           #.........   63%         3    ####...
 Fulminant Prism          Conj/Hex       #.........   87%         4    #####..
 Animate Dead             Necr           N/A          95%         4    #####..
 Force Lance              Conj/Tloc      #.......     95%         4    #####..
 Iskenderun's Mystic Bla  Conj           #.......     95%         4    #####..
 Petrify                  Tmut/Erth      #.......     95%         4    #####..
 Sticky Flame             Conj/Fire      #.......     95%         4    #####..
 Summon Ice Beast         Ice/Summ       #.......     95%         4    #####..
 Summon Lightning Spire   Summ/Air       #.......     95%         4    #####..
 Throw Icicle             Conj/Ice       #.......     95%         4    #####..
 Metabolic Englaciation   Hex/Ice        #.........   99%         5    ######.
 Yara's Violent Unravell  Hex/Tmut       #.........   99%         5    ######.
 Fireball                 Conj/Fire      #.........   100%        5    ######.
 Lee's Rapid Deconstruct  Erth           #.........   100%        5    ######.
 Bolt of Fire             Conj/Fire      #.........   100%        6    #######
 Ring of Flames           Chrm/Fire      #.........   100%        7    #######
 Ignition                 Fire           #.........   100%        8    #######


Dungeon Overview and Level Annotations

Branches:
Dungeon (15/15)            Temple (1/1) D:6            Lair (6/6) D:11
  Swamp (4/4) Lair:3       Spider (4/4) Lair:4        Slime (0/5) Lair:6
    Orc (2/2) D:12            Elf (0/3) Orc:2        Vaults (0/5) D:13
 Depths (0/5) D:15

Altars:
Ashenzari
Cheibriados
Dithmenos
Elyvilon
Fedhas
Gozag
Hepliaklqana
Kikubaaqudgha
Makhleb
Nemelex Xobeh
Okawaru
Qazlal
Ru
Sif Muna
Trog
Uskayaw
Vehumet
Wu Jian
Xom
Yredelemnul
Zin
The Shining One
Beogh
Jiyva

Shops:
D:4 [%(   D:5 *   D:6 *   D:7 =   D:10 [   Orc:2 [!(=

Portals:
Trove: D:11 (give 5 potions of resistance)

Annotations:
Lair:6 1 runed translucent door
Spider:3 1 runed translucent door, vishdafish's ghost, adept TrSk


Innate Abilities, Weirdness & Mutations

You reflexively headbutt those who attack you in melee.
You have a pair of horns on your head.
Your life essence is reduced to manifest your ancestor. (-10% HP)


Message History

You feel sick.
You feel sick.
The orb spider is no longer paralysed.
The tarantella is no longer paralysed.
You take 1 damage, and have 20/160 hp.
You feel sick.
Okay, then.
Evoke which item? (* to show all) (? for menu, Esc to quit)
Aim the phial where?
Press: ? - help, Shift-Dir - straight line, f - tarantella
Aim: a tarantella (clinging)
The torrent of water misses the tarantella.
The wave splashes down.
Splash!
You fall into the shallow water.
Moving in this stuff is going to be slow.
The water rises up and takes form.
You feel sick.
You hear an angry hiss. x4
The orb spider seems to regain its courage.
The tarantella bites you.
* * * LOW HITPOINT WARNING * * *
The moth of wrath bites your water elemental.
You block the tarantella's attack.
The hornet evades a web.
The moth of wrath bites your water elemental!
The tarantella completely misses you. You furiously retaliate!
You headbutt the tarantella!
Uskayaw will force your foes to share their pain.
Uskayaw links your audience in an emotional bond!
You take 3 damage, and have 17/160 hp.
Unknown command.
Unknown command.
Really read
I - 3 scrolls of fear {!r}?
As you read the scroll of fear {!r}, it crumbles to dust.
You assume a fearsome visage.
Your water elemental is unaffected. x2
The hornet looks frightened!
The orb spider looks frightened!
The tarantella looks frightened!
The moth of wrath looks frightened!
You feel yourself speed up.
You feel sick.
Your water elemental misses the tarantella.
You feel sick.
The tarantella bites your water elemental but does no damage.
Your water elemental is caught in a web!
A wolf spider comes into view.
Your water elemental barely misses the tarantella.
Your water elemental pulls away from the web.
You take 1 damage, and have 16/160 hp.
You are near starving!
The tarantella is no longer sharing its pain.
The tarantella bites your water elemental.
Your water elemental hits the tarantella!
The tarantella dies!
Your water elemental hits the wolf spider!
You feel sick.
The wolf spider closely misses your water elemental.
The wolf spider bites your water elemental.
Your water elemental hits the wolf spider!!
Your water elemental engulfs the wolf spider in water!
The wolf spider hits your water elemental!!
The wolf spider bites your water elemental.
You take 1 damage, and have 16/160 hp.
You feel sick.
Your water elemental is caught in a web!
Your water elemental struggles to get unstuck from the web.
You feel sick.
Your water elemental pulls away from the web.
You take 1 damage, and have 16/160 hp.
You recover from your berserk rage.
Your water elemental barely misses the wolf spider.
The wolf spider hits your water elemental.
Your water elemental is destroyed!
You can no longer pass through a line of other dancers.
You see here a demonic crawler corpse.
You feel sick.
You take 1 damage, and have 16/160 hp.
The orb spider pulsates with a strange energy.
You feel sick.
You take 1 damage, and have 16/160 hp.
You see here a ring of wizardry.
You feel sick.
Evoke which item? (* to show all) (? for menu, Esc to quit)
Aiming: Iceblast
Press: ? - help, Shift-Dir - straight line, f - wolf spider
Aim: a wolf spider (heavily wounded, clinging)
The mass of ice explodes!
The iceblast engulfs the wolf spider!!
You kill the wolf spider!
Evoke which item? (* to show all) (? for menu, Esc to quit)
Aiming: Iceblast
Press: ? - help, Shift-Dir - straight line, f - wolf spider
Aim: a wolf spider (clinging)
The mass of ice explodes!
The iceblast engulfs the wolf spider!!
The wolf spider is moderately wounded.
You can now pass through a line of other dancers.
Evoke which item? (* to show all) (? for menu, Esc to quit)
Aiming: Iceblast
Press: ? - help, Shift-Dir - straight line, f/p - wolf spider
Aim: a wolf spider (moderately wounded, clinging)
The mass of ice explodes!
The iceblast engulfs the wolf spider!!
The wolf spider is severely wounded.
The wolf spider hits you!!
You die...

#^....### #≈ ##^...#.##
#≈ ###.....# ## ##^^..##
##^ ####..# ###.. ##...#
#######.... # #....###
###..#^...s.. ##
#..#(.^## ##s..ss†......
.#
#....^^@###...#.......#.
.#
#..#####s#^...####....^.
## #### #^†s#### #####..
#..## #.. #.## #.. ...#
##. ..^## ## #### #


You could see a wolf spider and an orb spider.

Vanquished Creatures
  Rupert (Lair:6)
  A thorn hunter (Swamp:2)
  Agnes (D:14)
  A fire giant (D:11)
  3 ghost moths
  An emperor scorpion (Spider:4)
  3 entropy weavers
  A stone giant (Orc:2)
  Nessos (D:12)
  Azrael (Orc:2)
  2 spark wasps
  An ettin (D:11)
  A fire dragon (Lair:6)
  Josephine (Lair:6)
  A yaktaur captain (D:14)
  32 hydras
  2 shambling mangroves (Swamp:4)
  A death knight (D:11)
  Erica (Orc:1)
  2 centaur warriors
  4 two-headed ogres
  16 alligators
  5 tengu warriors
  5 orc high priests (Orc:2)
  Nergalle (D:12)
  A spriggan berserker (Swamp:4)
  12 slime creatures
  A deep troll (D:14)
  5 skeletal warriors
  5 unseen horrors
  12 swamp dragons
  10 orc knights (Orc:2)
  3 spriggan druids
  A glowing orange brain (D:15)
  4 harpies (D:15)
  Pikel (D:9)
  2 deep elf magi
  7 ugly things
  2 necromancers
  A cyclops (D:14)
  15 orb spiders
  7 wolf spider zombies
  An orc sorcerer (Orc:2)
  An oklob plant (D:14)
  2 salamanders (shapeshifter)
  27 wolf spiders
  A guardian serpent (Lair:6)
  A torpor snail (Lair:3)
  8 black mambas
  2 spiny frogs (shapeshifter)
  2 gargoyles
  17 spiny frogs
  6 demonic crawlers
  A kobold demonologist (D:15)
  7 rime drakes
  An efreet (D:14)
  2 freezing wraiths (D:10)
  13 redback zombies (Spider:1)
  A yaktaur (D:11)
  A yaktaur (shapeshifter) (D:11)
  5 trolls
  11 komodo dragons
  A meliai (shapeshifter) (D:15)
  3 polar bears
  23 jumping spiders
  11 tyrant leeches
  22 hornets
  Grinder (D:4)
  13 bog bodies
  27 blink frogs
  9 tarantella zombies (Spider:1)
  A wind drake (shapeshifter) (D:15)
  6 hippogriffs
  A meliai zombie (D:13)
  2 vampires
  58 redbacks
  4 shadows
  32 tarantellas
  27 yaks
  6 wraiths
  9 spriggans
  A centaur simulacrum (D:15)
  9 wyverns
  2 fire elementals
  A hog (shapeshifter) (D:14)
  A basilisk (shapeshifter) (D:15)
  A steam dragon (D:14)
  7 basilisks
  A hungry ghost (D:10)
  29 vampire mosquitoes
  11 insubstantial wisps
  4 wargs
  20 swamp worms
  4 acid dragons
  17 water moccasins
  5 hell hounds (Orc:2)
  3 porcupines
  4 ice beasts
  17 swamp drakes
  32 orc warriors
  3 phantoms
  A slave (D:9)
  4 sky beasts
  An eye of draining (D:11)
  2 necrophages
  8 wolves
  9 centaurs
  16 ogres
  17 crocodiles
  2 big kobolds
  Blork the orc (D:6)
  19 bullfrogs
  A gnoll sergeant (Orc:1)
  A water moccasin zombie (D:7)
  A wyvern skeleton (D:9)
  10 scorpions
  9 killer bees
  5 wights
  3 electric eels
  2 howler monkeys
  3 bullfrog zombies
  11 crimson imps
  4 centaur zombies
  5 hounds
  4 jellies
  A quasit (D:8)
  27 orc priests
  4 centaur skeletons
  5 iguanas
  19 orc wizards
  6 worker ants
  A killer bee zombie (D:8)
  2 hound skeletons
  2 worker ant zombies
  3 gnolls (D:5)
  A howler monkey zombie (D:8)
  21 adders
  2 shadow imps
  A howler monkey simulacrum (D:11)
  2 oozes
  An adder skeleton (D:2)
  A worm (D:3)
  2 dart slugs (D:1)
  4 leopard geckos
  65 orcs
  A ball python (D:4)
  6 giant cockroaches
  7 goblins
  6 hobgoblins
  6 jackals
  13 kobolds
  2 quokkas
  11 bats
  10 frilled lizards
  9 rats
  A fungus (Lair:4)
  A plant (D:14)
1098 creatures vanquished.

Vanquished Creatures (collateral kills)
  A tarantella (Spider:4)
1 creature vanquished.

Vanquished Creatures (others)
  42 bushes (Lair:6)
  4 fungi (Lair:6)
  20 plants
66 creatures vanquished.

Grand Total: 1165 creatures vanquished

Notes
Turn   | Place    | Note
-------+----------+-------------------------------------------
     0 | D:1      | Monsterracer the Minotaur Enchanter began the quest for the
                  | Orb.
     0 | D:1      | Reached XP level 1. HP: 14/14 MP: 1/1
    50 | D:1      | HP: 7/14 [dart slug/slug dart (7)]
   292 | D:1      | Reached skill level 1 in Fighting
   351 | D:1      | Reached XP level 2. HP: 23/23 MP: 3/3
   944 | D:2      | Found a sacrificial altar of Ru.
  1040 | D:2      | Reached XP level 3. HP: 24/28 MP: 4/4
  1147 | D:2      | Reached skill level 1 in Shields
  1390 | D:2      | Reached skill level 2 in Fighting
  1638 | D:2      | Found a hide-covered altar of Uskayaw.
  1638 | D:2      | Found a shadowy altar of Dithmenos.
  1869 | D:2      | Became a worshipper of Uskayaw the Reveler
  2116 | D:3      | Reached * piety under Uskayaw
  2117 | D:3      | Reached XP level 4. HP: 32/36 MP: 5/5
  2184 | D:3      | Reached ** piety under Uskayaw
  2484 | D:3      | Found an iron altar of Okawaru.
  2663 | D:3      | Reached skill level 1 in Armour
  2835 | D:3      | Found a faded altar of an unknown god.
  3289 | D:4      | Found Payprou's Food Emporium.
  3343 | D:4      | Reached XP level 5. HP: 29/42 MP: 2/6
  3365 | D:4      | Found Wexugaz's Armour Emporium.
  3404 | D:4      | Reached skill level 1 in Invocations
  3409 | D:4      | Noticed a phantom
  3450 | D:3      | Reached skill level 3 in Fighting
  3496 | D:4      | HP: 21/45 [phantom (7)]
  3508 | D:4      | Killed a phantom
  3508 | D:4      | Reached XP level 6. HP: 20/51 MP: 1/7
  3640 | D:4      | HP: 24/51 [orc wizard/magic dart (6)]
  3673 | D:4      | HP: 21/51 [orc wizard/magic dart (7)]
  3685 | D:4      | HP: 21/51 [orc wizard/magic dart (2)]
  3704 | D:4      | HP: 20/51 [howler monkey (3)]
  3709 | D:4      | Reached skill level 5 in Short Blades
  3788 | D:4      | Found a glowing drain.
  3796 | D:4      | Noticed Grinder
  3885 | Sewer    | Entered a sewer
  3964 | Sewer    | HP: 25/51 [crocodile (7)]
  3971 | Sewer    | HP: 22/51 [crocodile (4)]
  3972 | Sewer    | Reached XP level 7. HP: 26/58 MP: 3/8
  4208 | D:4      | Paralysed by Grinder for 7 turns
  4252 | D:4      | Paralysed by Grinder for 4 turns
  4262 | D:4      | Paralysed by Grinder for 5 turns
  4296 | D:4      | Killed Grinder
  4296 | D:4      | Reached skill level 4 in Fighting
  4411 | D:4      | Reached *** piety under Uskayaw
  4748 | D:4      | Found Ukesch's Antique Weapon Boutique.
  4751 | D:4      | Bought a scorched rapier for 234 gold pieces
  4751 | D:4      | Identified the +6 rapier "Killer Klown's Bane" {pierce,
                  | *Rage +Blink MR+ Dex+2} (You bought it in a shop on level 4
                  | of the Dungeon)
  4845 | D:5      | Entered Level 5 of the Dungeon
  4888 | D:5      | Reached XP level 8. HP: 67/67 MP: 9/9
  4961 | D:5      | Reached skill level 5 in Fighting
  5250 | D:5      | Found Tekoabbe's Assorted Antiques.
  5254 | D:5      | Bought a wavering silver amulet for 130 gold pieces
  5255 | D:5      | Identified the amulet "Iridwi Nonu" {RegenMP +Inv rC+ MR+
                  | Stlth+} (You bought it in a shop on level 5 of the Dungeon)
  5387 | D:5      | Found a blossoming altar of Fedhas.
  5784 | D:6      | Found a staircase to the Ecumenical Temple.
  5793 | D:6      | Noticed Blork the orc
  5937 | D:6      | Reached skill level 5 in Armour
  6197 | D:6      | Found Hoeph's General Store.
  6202 | D:6      | Bought a scroll of teleportation for 39 gold pieces
  6260 | D:6      | Killed Blork the orc
  6424 | D:7      | Found Zyuwoch's Jewellery Shoppe.
  6535 | D:7      | Found an ancient bone altar of Kikubaaqudgha.
  6551 | D:7      | Reached XP level 9. HP: 75/75 MP: 11/11
  6623 | D:7      | Reached skill level 6 in Fighting
  7244 | D:8      | Noticed a two-headed ogre
  7254 | D:7      | Killed a two-headed ogre
  7254 | D:7      | Reached skill level 10 in Short Blades
  7254 | D:7      | Reached skill level 5 in Invocations
  7357 | D:8      | Reached **** piety under Uskayaw
  7360 | D:8      | Reached skill level 7 in Fighting
  7373 | D:8      | HP: 36/79 [crocodile (11)]
  7381 | D:8      | HP: 33/79 [scorpion (5)]
  7882 | D:8      | Found a sparkling altar of Nemelex Xobeh.
  8139 | D:9      | Found a burning altar of Makhleb.
  8141 | D:9      | Noticed a green death
  8190 | D:9      | Found a snail-covered altar of Cheibriados.
  8215 | D:9      | Reached XP level 10. HP: 81/86 MP: 13/13
  8387 | D:9      | Noticed Pikel
  8399 | D:9      | Killed Pikel
  8493 | D:9      | Found a glowing golden altar of the Shining One.
  9018 | D:10     | Entered Level 10 of the Dungeon
  9031 | D:10     | Killed an unseen horror
  9213 | D:10     | Reached skill level 8 in Fighting
  9266 | D:10     | Reached ***** piety under Uskayaw
  9306 | D:10     | HP: 44/88 [something (5)]
  9311 | D:10     | Noticed an unseen horror
  9312 | D:10     | HP: 28/88 [unseen horror (7)]
  9315 | D:10     | Killed an unseen horror
  9612 | D:10     | Found Vimel Koq's Antique Armour Emporium.
  9658 | D:10     | Noticed a gargoyle
  9683 | D:10     | Killed a gargoyle
  9683 | D:10     | Reached skill level 5 in Dodging
  9687 | D:10     | Reached ****** piety under Uskayaw
  9871 | D:10     | Found a white marble altar of Elyvilon.
 10103 | D:11     | Reached XP level 11. HP: 62/95 MP: 6/15
 10103 | D:11     | Reached skill level 9 in Fighting
 10787 | D:11     | Noticed a skeletal warrior
 10787 | D:11     | Noticed a skeletal warrior
 10840 | D:11     | Killed a skeletal warrior
 10841 | D:11     | Killed a skeletal warrior
 11005 | D:11     | Found a portal to a secret trove of treasure.
 11028 | D:11     | Noticed a skeletal warrior
 11030 | D:11     | Noticed a skeletal warrior
 11049 | D:11     | HP: 49/99 [skeletal warrior/+0 war axe[a skeletal warrior]
                  | (5)]
 11054 | D:11     | HP: 32/99 [skeletal warrior/+0 dire flail (2)]
 11062 | D:11     | Killed a skeletal warrior
 11062 | D:11     | Reached skill level 10 in Fighting
 11063 | D:11     | Killed a skeletal warrior
 11398 | D:11     | Noticed a death knight
 11399 | D:11     | Found a staircase to the Lair.
 11403 | D:11     | Noticed a skeletal warrior
 11467 | D:10     | HP: 50/101 [warg (1)]
 11766 | D:11     | Noticed a two-headed ogre
 11778 | D:11     | Killed a two-headed ogre
 11854 | D:11     | Killed an unseen horror
 12296 | D:10     | HP: 48/101 [freezing wraith[a death knight] (4)]
 12679 | D:10     | Killed a skeletal warrior
 12679 | D:10     | Reached skill level 11 in Fighting
 12963 | D:11     | Noticed a tengu warrior
 12975 | D:11     | Killed a tengu warrior
 12975 | D:11     | Reached skill level 1 in Evocations
 12989 | D:11     | HP: 39/102 [spiny frog (shapeshifter) (15)]
 12989 | D:11     | Noticed a centaur warrior
 12994 | D:11     | HP: 33/102 [poisoned by a spiny frog]
 12996 | D:11     | Reached XP level 12. HP: 31/110 MP: 16/18
 12999 | D:11     | HP: 26/110 [poisoned by a spiny frog]
 13004 | D:11     | Killed a centaur warrior
 13004 | D:11     | HP: 20/110 [poisoned by a spiny frog]
 13011 | D:11     | HP: 17/110 [poisoned by a spiny frog]
 13016 | D:11     | HP: 16/110 [poisoned by a spiny frog]
 13024 | D:11     | HP: 17/110 [poisoned by a spiny frog]
 13383 | D:11     | HP: 51/110 [death knight/+3 glaive (8)]
 13387 | D:11     | HP: 11/110 [death knight/+3 glaive (31)]
 13393 | D:11     | HP: 26/110 [wraith[a death knight] (6)]
 13720 | D:11     | Noticed an ettin
 13760 | Lair:1   | Entered Level 1 of the Lair of Beasts
 14266 | Lair:1   | Reached skill level 12 in Fighting
 14398 | Lair:1   | Reached skill level 10 in Invocations
 14849 | Lair:2   | Noticed a seven-headed hydra
 14855 | Lair:2   | Killed a seven-headed hydra
 16478 | Lair:3   | Reached skill level 13 in Fighting
 16605 | Lair:3   | Found a staircase to the Swamp.
 17069 | Lair:4   | Noticed a seven-headed hydra
 17083 | Lair:4   | Killed a seven-headed hydra
 17083 | Lair:4   | Reached XP level 13. HP: 101/122 MP: 20/20
 17695 | Lair:4   | Found an iron altar of Okawaru.
 17775 | Lair:4   | Found a hole to the Spider Nest.
 18756 | Lair:5   | Found a burning altar of Makhleb.
 19124 | Lair:5   | Reached skill level 14 in Fighting
 19186 | Lair:5   | Reached skill level 5 in Evocations
 19189 | Lair:5   | HP: 62/124 [poisoned by a water moccasin]
 19195 | Lair:5   | HP: 60/124 [poisoned by a water moccasin]
 19200 | Lair:5   | HP: 60/124 [poisoned by a water moccasin]
 19207 | Lair:5   | HP: 60/124 [poisoned by a water moccasin]
 19215 | Lair:5   | HP: 60/124 [poisoned by a water moccasin]
 19740 | Lair:6   | Entered Level 6 of the Lair of Beasts
 19741 | Lair:6   | Noticed Josephine
 19755 | Lair:6   | Killed Josephine
 19885 | Lair:6   | Found a runed translucent door.
 19912 | Lair:6   | HP: 55/125 [six-headed hydra (12)]
 20493 | Lair:6   | HP: 60/125 [wolf spider (3)]
 20495 | Lair:6   | HP: 24/125 [black mamba (13)]
 20500 | Lair:6   | HP: 32/187 [poisoned by a guardian serpent (bolt of
                  | poison)]
 20505 | Lair:6   | HP: 19/125 [poisoned by a guardian serpent (bolt of
                  | poison)]
 20510 | Lair:6   | HP: 19/125 [poisoned by a guardian serpent (bolt of
                  | poison)]
 20515 | Lair:6   | HP: 19/125 [poisoned by a guardian serpent (bolt of
                  | poison)]
 20520 | Lair:6   | HP: 19/125 [poisoned by a guardian serpent (bolt of
                  | poison)]
 21451 | Lair:6   | Reached skill level 10 in Dodging
 21451 | Lair:6   | Reached XP level 14. HP: 119/133 MP: 22/22
 21720 | Lair:6   | Reached skill level 15 in Fighting
 22219 | Lair:6   | Noticed Rupert
 22241 | Lair:6   | Killed Rupert
 22362 | Lair:6   | Reached skill level 15 in Short Blades
 22853 | Lair:6   | Found a viscous altar of Jiyva.
 22872 | Lair:6   | Found a staircase to the Slime Pits.
 23097 | Lair:6   | HP: 53/135 [fire dragon/blast of flame (41)]
 23102 | Lair:6   | HP: 30/135 [fire dragon (7)]
 23108 | Lair:6   | HP: 49/135 [fire dragon (2)]
 23109 | Lair:6   | HP: 23/135 [fire dragon/blast of flame (26)]
 23112 | Lair:6   | HP: 1/135 [something (13)]
 23843 | D:11     | HP: 65/135 [death knight/+3 glaive (22)]
 23858 | D:11     | HP: 31/135 [death knight/+3 glaive (36)]
 23866 | D:11     | HP: 31/135 [wraith[a death knight] (2)]
 24208 | D:11     | HP: 39/135 [ettin/+0 dire flail (38)]
 24551 | D:11     | Noticed a fire giant
 24565 | D:11     | Killed a fire giant
 24977 | D:4      | Bought the +3 leather armour of Context {rF+ Int+3 Slay+5}
                  | for 641 gold pieces
 25038 | D:5      | Bought a scroll of blinking for 195 gold pieces
 25130 | D:12     | Found a staircase to the Orcish Mines.
 25495 | D:12     | Noticed Nessos
 25504 | D:12     | Killed Nessos
 25509 | D:12     | Noticed Nergalle
 25518 | D:12     | Killed Nergalle
 25774 | D:12     | Reached skill level 16 in Fighting
 26429 | D:13     | Found a gate to the Vaults.
 27018 | D:14     | Noticed Agnes
 27041 | D:14     | HP: 103/207 [Agnes/+2 lajatang of protection (8)]
 27043 | D:14     | Killed Agnes
 27047 | D:14     | HP: 102/207 [deep troll (3)]
 27048 | D:14     | Reached XP level 15. HP: 107/145 MP: 24/24
 27056 | D:14     | HP: 71/145 [deep elf mage/+0 dagger (3)]
 27679 | D:14     | Found a shattered altar of Ashenzari.
 28380 | Orc:1    | Entered Level 1 of the Orcish Mines
 28390 | Orc:1    | Noticed Erica
 28405 | Orc:1    | Killed Erica
 28784 | Orc:2    | Entered Level 2 of the Orcish Mines
 28919 | Orc:2    | Found a staircase to the Elven Halls.
 28996 | Orc:2    | Found a roughly hewn altar of Beogh.
 29010 | Orc:2    | Reached skill level 5 in Shields
 29482 | Orc:2    | Noticed Azrael
 29495 | Orc:2    | Killed Azrael
 30785 | Orc:2    | HP: 68/145 [orc high priest/+0 long sword (6)]
 31141 | Orc:2    | Found Duthrem's Antique Armour Boutique.
 31144 | Orc:2    | Found Otzewn's Weapon Shop.
 31145 | Orc:2    | Found Zipnuad's Jewellery Boutique.
 31146 | Orc:2    | Found Qotetih's Distillery.
 31153 | Orc:2    | Bought the +1 cloak of Starlight {rElec rC+ EV+4 Stlth--}
                  | for 890 gold pieces
 31153 | Orc:2    | Found the +1 cloak of Starlight {rElec rC+ EV+4 Stlth--}
 31153 | Orc:2    | Bought a pair of boots for 90 gold pieces
 31351 | D:15     | Entered Level 15 of the Dungeon
 31536 | D:15     | Reached skill level 10 in Shields
 31987 | D:15     | Reached skill level 17 in Fighting
 32260 | D:15     | Found a staircase to the Depths.
 32748 | Swamp:1  | Entered Level 1 of the Swamp
 32831 | Swamp:1  | Found a glowing golden altar of the Shining One.
 33072 | Swamp:1  | Reached XP level 16. HP: 82/155 MP: 26/26
 34626 | Swamp:2  | Noticed a thorn hunter
 34634 | Swamp:2  | Killed a thorn hunter
 34634 | Swamp:2  | Reached skill level 15 in Invocations
 35189 | Swamp:2  | Identified 3 scrolls of acquirement
 36017 | Swamp:3  | HP: 75/157 [spriggan rider/+0 spear (11)]
 36022 | Swamp:3  | Reached skill level 18 in Fighting
 36028 | Swamp:3  | HP: 32/157 [spriggan rider/+0 spear (16)]
 36029 | Swamp:3  | HP: 15/157 [spriggan rider/+0 spear (17)]
 36406 | Swamp:3  | Got a pair of jewelled boots
 36407 | Swamp:3  | Identified the +0 pair of boots of Lies {rN+ Regen+} (You
                  | acquired it on level 3 of the Swamp)
 36419 | Swamp:3  | Got a warped dagger
 36420 | Swamp:3  | Identified the +4 dagger "Qoaq" {protect, rF- rC+ MP+9
                  | Dex+4} (You acquired it on level 3 of the Swamp)
 36986 | Swamp:4  | Entered Level 4 of the Swamp
 37650 | Swamp:4  | HP: 71/159 [shambling mangrove (13)]
 37658 | Swamp:4  | HP: 73/159 [shambling mangrove (3)]
 37663 | Swamp:4  | HP: 71/159 [shambling mangrove (4)]
 37666 | Swamp:4  | HP: 23/159 [shambling mangrove (19)]
 37667 | Swamp:4  | HP: 9/159 [shambling mangrove (15)]
 38357 | Swamp:4  | Reached XP level 17. HP: 128/166 MP: 27/27
 38368 | Swamp:4  | HP: 78/166 [five-headed hydra (6)]
 38433 | Swamp:4  | HP: 70/166 [shambling mangrove (18)]
 38443 | Swamp:4  | HP: 61/166 [shambling mangrove (12)]
 38450 | Swamp:4  | HP: 56/166 [shambling mangrove (8)]
 38456 | Swamp:4  | HP: 23/166 [shambling mangrove (15)]
 38603 | Swamp:4  | HP: 73/166 [swamp dragon/blast of poison (5)]
 38610 | Swamp:4  | HP: 72/166 [poisoned by a swamp dragon (blast of poison)]
 38617 | Swamp:4  | HP: 72/166 [poisoned by a swamp dragon (blast of poison)]
 38625 | Swamp:4  | HP: 73/166 [poisoned by a swamp dragon (blast of poison)]
 39105 | Swamp:4  | Got a decaying rune of Zot
 39675 | D:10     | Bought a smoking scale mail for 306 gold pieces
 39675 | D:10     | Identified the cursed +0 scale mail of the Eternal Fruit
                  | {rPois rC+ Regen+} (You bought it in a shop on level 10 of
                  | the Dungeon)
 39813 | Spider:1 | Entered Level 1 of the Spider Nest
 39979 | Spider:1 | Reached skill level 19 in Fighting
 42025 | Spider:1 | Got a faintly glowing great sword
 42933 | Spider:3 | Found a runed translucent door.
 42934 | Spider:3 | Found a shimmering altar of Xom.
 42934 | Spider:3 | Noticed vishdafish's ghost (adept TrSk)
 42935 | Spider:3 | Identified the +7 broad axe of Gloom {chaos, rN+ MP+9 Int-2
                  | SInv}
 43002 | Spider:3 | Reached skill level 20 in Fighting
 43201 | Spider:3 | Reached skill level 15 in Shields
 43505 | Spider:4 | Entered Level 4 of the Spider Nest
 43583 | Spider:4 | Reached XP level 18. HP: 165/178 MP: 16/29
 43860 | Temple   | Entered the Ecumenical Temple
 44042 | Temple   | Fell from the grace of Uskayaw
 44042 | Temple   | Became a worshipper of Hepliaklqana the Forgotten
 44189 | D:2      | Fell from the grace of Hepliaklqana
 44189 | D:2      | Became a worshipper of Uskayaw the Reveler
 44917 | Spider:4 | HP: 80/160 [poisoned by a wolf spider]
 44922 | Spider:4 | HP: 67/160 [poisoned by a wolf spider]
 44924 | Spider:4 | HP: 25/160 [wolf spider (11)]
 44929 | Spider:4 | HP: 20/160 [poisoned by a wolf spider]
 44935 | Spider:4 | HP: 16/160 [poisoned by a wolf spider]
 44940 | Spider:4 | HP: 16/160 [poisoned by a wolf spider]
 44947 | Spider:4 | HP: 16/160 [poisoned by a wolf spider]
 44954 | Spider:4 | Slain by a wolf spider

Skill      XL: |  1  2  3  4  5  6  7  8  9 10 11 12 13 14 15 16 17 |
---------------+----------------------------------------------------+-----
Fighting       | 1 2 3 4 5 7 8 11 13 14 16 17 18 20 | 20.2
Short Blades   | 2 3 4 5 6 9 11 14 15 | 15.6
Shields        | 1 2 3 4 11 13 15 | 15.0
Armour         | 1 2 3 4 5 7 8 |  8.3
Invocations    | 1 2 3 4 5 6 9 11 12 13 14 15 16 | 16.7
Dodging        | 3 5 7 8 10 11 | 11.6
Evocations     | 1 4 5 |  5.0
Stealth        | |  2.4
Spellcasting   | |  1.3
Hexes          | |  2.0

Action                   |  1- 3 |  4- 6 |  7- 9 | 10-12 | 13-15 | 16-18 || total
-------------------------+-------+-------+-------+-------+-------+-------++-------
Melee: Dagger            |   109 |   267 |    38 |       |       |       ||   414
       Headbutt          |    11 |    30 |    39 |   124 |   278 |   261 ||   743
       Rapier            |       |       |   200 |   579 |  1240 |  1081 ||  3100
 Cast: Corona            |     1 |       |       |       |       |       ||     1
Invok: Stomp             |       |     8 |     8 |    16 |     9 |    18 ||    59
       Line Pass         |       |     1 |       |     2 |     2 |     1 ||     6
 Abil: Evoke Blink       |       |       |       |     1 |       |       ||     1
Evoke: Wand              |       |       |       |       |     5 |     3 ||     8
       Phial of floods   |       |       |       |       |       |     1 ||     1
  Use: Scroll            |       |    12 |     4 |     7 |     6 |    17 ||    46
       Potion            |       |     3 |       |     1 |     1 |       ||     5
 Stab: Sleeping          |     2 |       |       |       |     4 |       ||     6
       Paralysed         |       |       |     9 |    33 |    87 |    77 ||   206
  Eat: Chunk             |     3 |     8 |    15 |    17 |    37 |    27 ||   107
       Ration            |       |       |       |     4 |     5 |     4 ||    13
Armor: Robe              |     3 |       |       |       |       |       ||     3
       Scale mail        |    34 |     6 |       |       |       |       ||    40
       Chain mail        |       |   106 |    99 |   193 |   103 |       ||   501
       Leather armour    |       |       |       |       |    52 |   109 ||   161
       Acid dragon scale |       |       |       |       |     8 |       ||     8
Dodge: Dodged            |    36 |    80 |    62 |   201 |   483 |   714 ||  1576
Block: Buckler           |    10 |    78 |    63 |   100 |   169 |       ||   420
       Reflection        |       |     2 |     2 |       |       |       ||     4
       Shield            |       |       |       |       |   134 |   516 ||   650

Levels and vault maps discovered:
D:1:      giann_wishing_wells, layout_rooms, hangedman_decor_points
D:2:      layout_loops_cross, nicolae_ru_the_path_less_chosen,
          gammafunk_temple_overflow_pools
D:3:      cheibrodos_greedy_goblins, layout_loops_ring,
          chequers_ecumenical_altar_grove, minmay_misc_feat_columns,
          okawaru_metal_pillars_1_2
D:4:      layout_basic, portal_sewer_entry_f, first_ration, serial_shops, shop,
          shop, shop, uniq_grinder
D:5:      layout_loops_ring, fedhas_altar_3, serial_shops, shop,
          minmay_manual_mail
D:6:      layout_rooms, minmay_temple_entry_large_hall, minmay_shop_grid_forest,
          uniq_blork_the_orc
D:7:      layout_gridville, kiku_gazebo_garden_becter, serial_shops, shop,
          minmay_unpleasant_kobolds
D:8:      layout_cave_pools, grunt_ogre_cave, nemelex_diamond_rough_becter
D:9:      layout_long_grid, old_standard_altar, makhleb_altar_promises_db,
          basic_altar, uniq_pikel
D:10:     layout_cave_pools, serial_shops, shop, basic_altar,
          minmay_alternating_orb
D:11:     minmay_sliced_demisemicircle, layout_layer_cave,
          erik_lair_orcish_takeover, nicolae_trove_entry_crystal
D:12:     layout_irregular_city, david_orc_3, kennysheep_nondescript,
          uniq_nessos, uniq_nergalle
D:13:     layout_roguey, david_vaults_1
D:14:     minmay_the_grid_plus [minmay_the_grid_pillar_ring,
          minmay_the_grid_armoury, minmay_the_grid_rooms, minmay_the_grid_box_x,
          minmay_the_grid_prize_inner_circle], layout_loops_corners,
          minivault_27, lemuel_oklob_altar, uniq_agnes
D:15:     gammafunk_enter_depths_forms, layout_loops_cross, minivault_4,
          hangedman_aviary
Temple:   bh_familiar_temple
Lair:1:   layout_gridlike
Lair:2:   layout_small_grid
Lair:3:   layout_regular_city, swamp_mist_pool
Lair:4:   layout_gridlike, nicolae_spider_entry_orb_guardian, basic_altar
Lair:5:   layout_regular_city, basic_altar
Lair:6:   hangedman_lair_tendril_chambers, layout_gridlike,
          guppyfry_lair_end_dragon, slime_altar_2, minmay_hedge_maze,
          uniq_rupert, uniq_josephine
Swamp:1:  layout_basic_swamp, lemuel_altar_in_water, swamp_pool3,
          nicolae_swamp_dense_foliage
Swamp:2:  layout_basic_swamp, infiniplex_staircase_pool_2
Swamp:3:  layout_basic_swamp, serial_swamp_ruin, evilmike_swamp_ruin_house_5,
          evilmike_swamp_ruin_house_2, swamp_pool4, cheibrodos_swamp_pet_leeches
Swamp:4:  swamp_basic_johnstein, layout_basic_swamp
Spider:1: lemuel_spider_zombies
Spider:2: layout_spider_delve
Spider:3: layout_spider_delve, ebering_ghost_xom
Spider:4: guppyfry_spider_rune, gammafunk_ghost_grave
Orc:1:    layout_diamond_mine, sword_in_stone, uniq_erica
Orc:2:    st_orc_pillars, layout_diamond_mine, basic_altar, uniq_azrael
Sewer:    sewer_big_baddie
